 Dungeon Crawl Stone Soup version 0.31.0-32-g396128a36d (webtiles) character file.

Game seed: 3251124879832905230

4603 NotreDorf the Thaumaturge (level 10, -6/63 HPs)
             Began as a Mummy Hedge Wizard on Mar 27, 2024.
             Was the Champion of Jiyva.
             Mangled by a cane toad (11 damage)
             ... on level 1 of the Lair of Beasts.
             The game lasted 00:42:44 (5621 turns).

NotreDorf the Thaumaturge (Mummy Hedge Wizard)      Turns: 5621, Time: 00:42:44

Health: -6/63      AC: 11    Str: 13    XL:     10   Next: 19%
Magic:  25/25      EV: 12    Int: 19    God:    Jiyva [******]
Gold:   391        SH:  5    Dex: 11    Spells: 19/31 levels left

rFire   x . .        q - +3 executioner's axe (heavy)
rCold   + . .        (shield currently unavailable)
rNeg    + + +        s - +0 steam dragon scales
rPois   ∞            c - +2 hat
rElec   .            k - +0 cloak
rCorr   +            (no gloves)
SInv    .            g - +2 pair of boots
Will    +....        j - amulet of reflection
Stlth   ++           (no ring)
HPRegen 1.90/turn    (no ring)
MPRegen 0.99/turn

%: reflection, faith
@: no status effects
A: cold resistance 1, negative energy resistance 3, torment resistance 2, heat
vulnerability 1, in touch with death 1, no potions, faith
a: Renounce Religion, Oozemancy, Slimify


You were on level 1 of the Lair of Beasts.
You worshipped Jiyva.
Jiyva was exalted by your worship.
You visited 2 branches of the dungeon, and saw 9 of its levels.
You also visited: Bailey.

You collected 413 gold pieces.
You spent 22 gold pieces at shops.

Inventory:

Hand Weapons
 p - a +2 rapier of electrocution
 q - a +3 heavy executioner's axe (weapon)
Missiles
 i - a throwing net
Armour
 c - a +2 hat (worn)
 e - the +0 pair of gloves of the Eleven Servitors {rN+ MP-9 Slay+4}
   (You found it on level 3 of the Dungeon)

   Slay+4:    It affects your accuracy & damage with ranged weapons and melee
   (+4).
   rN+:       It protects you from negative energy.
   MP-9:      It affects your magic capacity (-9).
 g - a +2 pair of boots (worn)
 k - a +0 cloak (worn)
 s - +0 steam dragon scales (worn)
Jewellery
 j - an amulet of reflection (around neck)
Wands
 l - a wand of paralysis (6)
 o - a wand of flame (30)
 r - a wand of mindburst (13)
Scrolls
 a - 2 scrolls of fog
 d - 4 scrolls of identify
 f - 2 scrolls of noise
 m - 2 scrolls of poison
 n - a scroll of silence


   Skills:
 - Level 1.5 Dodging
 - Level 1.5 Stealth
 + Level 11.4 Spellcasting
 + Level 7.4 Conjurations
 - Level 0.7 Summonings
 - Level 0.7 Translocations
 + Level 6.6 Alchemy


You had 19 spell levels left.
You knew the following spells:

 Your Spells              Type           Power      Damage    Failure   Level
a - Magic Dart            Conj           100%       1d8       1%          1
b - Blink                 Tloc           26%        N/A       7%          2
c - Mephitic Cloud        Conj/Alch/Air  28%        N/A       2%          3
d - Call Imp              Summ           26%        N/A       7%          2
e - Fulminant Prism       Conj/Alch      18%        3d11      3%          4

Your spell library contained the following spells:

 Spells                   Type           Power      Damage    Failure   Level
 Cigotuvi's Dreadful Rot  Necr/Alch/Air  56%        N/A       4%          2
 Dazzling Flash           Conj/Hex       50%        N/A       4%          3
 Slow                     Hex            40%        N/A       6%          1
 Flame Wave               Conj/Fire      25%        2d8       14%         4
 Eringya's Noxious Bog    Alch           18%        4d6       54%         6


Dungeon Overview and Level Annotations

Branches:
Dungeon (8/15)             Temple (0/1) D:5            Lair (1/5) D:8
 Bailey (visited)

Altars:
Cheibriados
Fedhas
Vehumet
Wu Jian
Jiyva

Shops:
D:3 *   D:5 :

Annotations:
D:3 2 transporters, seawaffle's ghost, amateur GrEE


Innate Abilities, Weirdness & Mutations

You are immune to poison.
Your flesh is cold resistant. (rC+)
You are immune to negative energy. (rN+++)
You are immune to unholy pain and torment.
You are vulnerable to heat. (rF-)
You are in touch with the powers of death.
You do not drink.
You have a special connection with the divine. (Faith)


Message History

You barely miss the cane toad. You slash the komodo dragon!
The basilisk seems less confused.
The cane toad closely misses you. The komodo dragon barely misses you.
The komodo dragon is engulfed in noxious fumes.
The komodo dragon appears confused.
The cane toad stings you but does no damage.
The basilisk closely misses you.
The komodo dragon completely misses you.
The komodo dragon is engulfed in noxious fumes.
The komodo dragon appears confused.
The cane toad stings you! The basilisk gazes at you.
You easily resist.
The komodo dragon misses you.
Casting: Mephitic Cloud (dangerous; 2% risk of failure)
Confirm with . or Enter, or press ? or * to list all spells.
Aiming: Mephitic Cloud (dangerous; 2% risk of failure)
Press: ? - help, Shift-Dir - straight line, f - you, p - cane toad The ball explodes into a vile cloud!
The stinking cloud engulfs you.
The stinking cloud engulfs the basilisk.
The stinking cloud engulfs the komodo dragon.
The komodo dragon is severely wounded.
The stinking cloud engulfs the cane toad.
You hear a loud, deep croak!
The cane toad stings you!
The basilisk is engulfed in noxious fumes.
The basilisk appears confused.
The basilisk bites the komodo dragon.
The komodo dragon is engulfed in noxious fumes.
The komodo dragon appears confused.
You block the cane toad's attack.
You barely miss the cane toad. You hit the basilisk.
The cane toad stings you but does no damage.
The basilisk is engulfed in noxious fumes.
The basilisk appears confused.
The basilisk bites you!
* * * LOW HITPOINT WARNING * * *
The cane toad closely misses you.
The basilisk is engulfed in noxious fumes.
The basilisk appears confused.
The cane toad stings you!
* * * LOW HITPOINT WARNING * * *
As you read the scroll labelled WAT TUNIUPU, it crumbles to dust.
The creatures around you are filled with an inner flame!
It was a scroll of immolation.
The cane toad stings you!
You die...

## ## #### ..#
.....####..#
.#.$.......
.......... #.
#.l......l
###..#☼§§......
#.....§@§....P#
###..l.F§.l.###
##..#......#
##.#.°.....# #
.....#...
...##. #. ##..
## ..


You could see 3 komodo dragons, a cane toad (inner flame) and a basilisk (inner
flame, confused).

Vanquished Creatures
  Psyche (D:8)
  2 water moccasins
  An ice beast (D:8)
  2 sky beasts (D:7)
  4 orc warriors (Bailey)
  A black bear (D:6)
  An ogre (D:5)
  12 centaurs (Bailey)
  A phantom (D:6)
  A kobold brigand (D:6)
  A bullfrog (D:7)
  A scorpion (D:4)
  5 wights (D:8)
  A jelly (D:5)
  A howler monkey (D:6)
  2 bombardier beetles (D:5)
  A gnoll bouda (D:5)
  8 orc priests
  4 iguanas
  2 orc wizards
  6 gnolls
  5 adders
  A shadow imp (D:7)
  A white imp (D:6)
  5 ribbon worms
  3 dart slugs
  58 orcs
  2 endoplasms (D:1)
  A giant cockroach (D:1)
  5 goblins
  4 hobgoblins
  3 jackals
  2 quokkas (D:2)
  5 ball pythons
  4 bats
  10 frilled lizards
  9 kobolds
  10 rats
186 creatures vanquished.

Vanquished Creatures (collateral kills)
  A two-headed ogre (D:8)
  Maggie (D:8)
  A steam dragon (D:8)
  An ogre (D:5)
  A scorpion (D:5)
  A hound (D:6)
  An orc wizard (D:8)
  An orc (D:8)
8 creatures vanquished.

Vanquished Creatures (others)
  A bullfrog (D:7)
  4 jellies
  A howler monkey (D:8)
  An orc wizard (D:6)
  2 gnolls (D:5)
  3 orcs (D:6)
  A goblin (D:4)
  6 jackals
  2 kobolds
  A ball python (D:2)
  A bat (D:1)
  2 frilled lizards
  A rat (D:2)
  2 fulminant prisms
28 creatures vanquished.

Grand Total: 222 creatures vanquished

Notes
Turn   | Place    | Note
-------+----------+-------------------------------------------
     0 | D:1      | NotreDorf the Mummy Hedge Wizard began the quest for the
                  | Orb.
     0 | D:1      | Reached XP level 1. HP: 13/13 MP: 5/5
    58 | D:1      | Reached skill level 1 in Conjurations
   357 | D:1      | Reached XP level 2. HP: 19/19 MP: 0/7
   622 | D:1      | Found a faded altar of an unknown god.
   637 | D:1      | Prayed at the altar of an unknown god.
   637 | D:1      | Became a worshipper of Jiyva Japy the Shapeless
   637 | D:1      | Reached * piety under Jiyva
  1009 | D:2      | Reached ** piety under Jiyva
  1023 | D:2      | Reached XP level 3. HP: 22/24 MP: 2/9
  1049 | D:2      | Reached skill level 5 in Spellcasting
  1187 | D:2      | You fall into a shaft and drop 1 floor!
  1200 | D:3      | Reached XP level 4. HP: 30/30 MP: 9/11
  1226 | D:3      | Learned a level 2 spell: Blink
  1230 | D:3      | Learned a level 3 spell: Mephitic Cloud
  1233 | D:3      | Learned a level 2 spell: Call Imp
  1278 | D:3      | Reached XP level 5. HP: 35/35 MP: 4/13
  1308 | D:3      | Found Coxuant's General Store.
  1318 | D:3      | Bought a scroll of identify for 22 gold pieces
  1325 | D:3      | Noticed seawaffle's ghost (amateur GrEE)
  1326 | D:3      | Found a transporter.
  1347 | D:3      | Found a transporter.
  1350 | D:3      | Reached *** piety under Jiyva
  1498 | D:3      | Got the Parchment of Arcane Weapons and Decomposition
  1682 | D:3      | Identified the +0 pair of gloves of the Eleven Servitors
                  | {rN+ MP-9 Slay+4}
  1920 | D:4      | Reached skill level 6 in Spellcasting
  1959 | D:4      | Reached **** piety under Jiyva
  2166 | D:4      | Reached skill level 1 in Alchemy
  2171 | D:4      | Reached XP level 6. HP: 38/41 MP: 10/15
  2418 | D:4      | Found a blossoming altar of Fedhas.
  2462 | D:4      | Learned a level 4 spell: Fulminant Prism
  2478 | D:5      | Entered Level 5 of the Dungeon
  2479 | D:5      | Found a staircase to the Ecumenical Temple.
  2532 | D:5      | Noticed a water moccasin
  2543 | D:5      | Killed a water moccasin
  2544 | D:5      | Reached skill level 7 in Spellcasting
  2544 | D:5      | Reached XP level 7. HP: 34/46 MP: 12/17
  2612 | D:5      | Reached ***** piety under Jiyva
  2745 | D:5      | Found Argha's Vocational Training.
  3185 | D:6      | Reached skill level 8 in Spellcasting
  3187 | D:6      | Reached XP level 8. HP: 52/52 MP: 14/20
  3257 | D:6      | Reached skill level 5 in Conjurations
  3913 | D:7      | Found a flagged portal.
  3969 | Bailey   | Entered a bailey
  4041 | Bailey   | Reached skill level 9 in Spellcasting
  4255 | Bailey   | Reached XP level 9. HP: 57/57 MP: 19/22
  4273 | Bailey   | Reached skill level 5 in Alchemy
  4288 | Bailey   | Reached skill level 10 in Spellcasting
  4649 | D:7      | Reached ****** piety under Jiyva
  4800 | D:7      | Found a radiant altar of Vehumet.
  4806 | D:7      | Found a snail-covered altar of Cheibriados.
  4856 | D:7      | Found an ornate altar of the Wu Jian Council.
  5177 | D:8      | Found a staircase to the Lair.
  5208 | D:8      | Noticed a two-headed ogre
  5220 | D:8      | Killed a two-headed ogre
  5229 | D:8      | Reached skill level 11 in Spellcasting
  5281 | D:8      | Noticed Maggie
  5329 | D:8      | Reached XP level 10. HP: 40/63 MP: 25/25
  5337 | D:8      | HP: 3/63 [wight/+1 halberd (11)]
  5375 | D:8      | Killed Maggie
  5407 | D:8      | Noticed Psyche
  5423 | D:8      | Killed Psyche
  5612 | Lair:1   | Entered Level 1 of the Lair of Beasts
  5612 | Lair:1   | Noticed a cane toad
  5620 | Lair:1   | HP: 3/63 [cane toad (12)]
  5621 | Lair:1   | Mangled by a cane toad

Illustrated notes

Levels and vault maps discovered:
D:1:      dpeg_arrival_ratfight, layout_rooms,
          hellmonk_ecumenical_altar_crossroads
D:2:      layout_rooms, nrook_uturn, hangedman_feature_mirror, uniq_robin
D:3:      layout_basic, gammafunk_ghost_arena, serial_shops,
          nicolae_shop_crystal, kennysheep_decorative_pillar,
          chequers_serial_rivers_micro_e, minmay_surrounded
D:4:      layout_loops_cross, kennysheep_mini
D:5:      layout_loops_ring, minmay_temple_entry_overgrown,
          nicolae_shop_vocational
D:6:      layout_loops_cross, lexackson_kobold_supper
D:7:      layout_basic, nicolae_overflow_macrodata_refinement, enter_bailey_6,
          nrook_loot_triangle
D:8:      layout_rooms, lair_entry_dummy, uniq_psyche, uniq_maggie
Lair:1:   layout_misc_corridors, chequers_serial_rivers_room_a, st_stairs_12,
          uniq_sonja, uniq_nergalle

Skill      XL: |  1  2  3  4  5  6  7  8  9 |
---------------+----------------------------+-----
Conjurations   | 1 2 3 4 5 7 |  7.4
Spellcasting   | 5 6 7 8 9 11 | 11.4
Alchemy        | 1 2 3 4 6 |  6.6
Dodging        | |  1.5
Stealth        | |  1.5
Summonings     | |  0.7
Translocations | |  0.7

Action                     |  1- 3 |  4- 6 |  7- 9 | 10-12 || total
---------------------------+-------+-------+-------+-------++-------
  Melee: Dagger            |     2 |     8 |       |       ||    10
         Short sword       |       |    46 |    98 |       ||   144
         Rapier            |       |       |    28 |       ||    28
         Punch             |       |       |     1 |       ||     1
         Executioner's axe |       |       |    28 |    40 ||    68
   Cast: Magic Dart        |   121 |   106 |   171 |       ||   398
         Mephitic Cloud    |       |    11 |    51 |     4 ||    66
         Fulminant Prism   |       |       |     2 |       ||     2
         Call Imp          |       |       |     1 |       ||     1
    Use: Scroll            |       |     4 |     5 |     1 ||    10
   Stab: Confused          |       |     7 |     7 |     2 ||    16
 Armour: Robe              |    24 |    41 |    82 |       ||   147
         Steam dragon scal |       |       |    28 |    74 ||   102
  Dodge: Dodged            |    19 |    48 |    89 |    57 ||   213
  Block: Other             |       |     9 |    31 |    16 ||    56
